 Dungeon Crawl Stone Soup version 0.28.0-1-gb440e238dd (webtiles) character file.

Game seed: 16820580901344024840

2900 Woods the Severer (level 9, 0/70 HPs)
             Began as a Minotaur Fighter on Feb 22, 2022.
             Slain by Erica (14 damage)
             ... on level 8 of the Dungeon.
             The game lasted 00:11:55 (9969 turns).

Woods the Severer (Minotaur Fighter)                Turns: 9969, Time: 00:11:56

Health: 0/70       AC:  9    Str: 20    XL:     9   Next: 49%
Magic:  8/8        EV:  8    Int:  5    God:
Gold:   280        SH:  5    Dex: 15    Spells: 8/8 levels left

rFire   . . .      SeeInvis .   s - +3 war axe (vorpal)
rCold   . . .      Faith    .   c - +0 buckler
rNeg    + . .      Spirit   .   B - +0 chain mail
rPois   .          Reflect  .   (helmet restricted)
rElec   .          Harm     .   (no cloak)
rCorr   +          Rampage  .   (no gloves)
Will    .....                   (no boots)
Stlth   ..........              (no amulet)
HPRegen 0.21/turn               f - ring of resist corrosion
MPRegen 0.11/turn               v - ring of positive energy

@: mighty, slowed, very slow
A: horns 2, retaliatory headbutt
a: no special abilities


You were on level 8 of the Dungeon.
You visited 2 branches of the dungeon, and saw 9 of its levels.

You collected 280 gold pieces.

Inventory:

Hand Weapons
 a - a +0 war axe
 s - a +3 vorpal war axe (weapon)
 t - a +2 vampiric whip
Missiles
 y - a throwing net (quivered)
Armour
 c - a +0 buckler (worn)
 B - a +0 chain mail (worn)
Jewellery
 b - a ring of magical power
 f - a ring of resist corrosion (left hand)
 v - a ring of positive energy (right hand)
Wands
 p - a wand of charming (7)
 u - a wand of polymorph (8)
 z - a wand of iceblast (10)
 D - a wand of flame (18)
Scrolls
 e - 4 scrolls of identify
 i - 3 scrolls of teleportation
 k - 2 scrolls of brand weapon
 m - 2 scrolls of enchant armour
 o - 4 scrolls of vulnerability
 q - 2 scrolls of fog {unknown}
 w - a scroll of noise {unknown}
 x - a scroll of amnesia {unknown}
 C - a scroll of enchant weapon {unknown}
 E - a scroll of blinking {unknown}
Potions
 d - a potion of might
 g - 3 potions of curing
 h - 2 potions of heal wounds {unknown}
 j - 6 potions of lignification {unknown}
 l - 3 potions of flight {unknown}
 n - 2 potions of haste {unknown}
 r - a potion of degeneration {unknown}
 A - 2 potions of cancellation {unknown}


   Skills:
 - Level 3.6 Fighting
 + Level 15.0 Axes
 - Level 3.6 Armour
 - Level 2.7 Dodging
 - Level 1.5 Stealth
 - Level 3.6 Shields


You had 8 spell levels left.
You didn't know any spells.
Your spell library contained the following spells:

 Spells                   Type           Power      Damage    Failure   Level
 Summon Small Mammal      Summ           0%         N/A       100%        1
 Call Canine Familiar     Summ           0%         N/A       100%        3
 Ignite Poison            Fire/Tmut/Pois 0%         N/A       100%        3
 Mephitic Cloud           Conj/Pois/Air  0%         N/A       100%        3
 Summon Guardian Golem    Hex/Summ       0%         N/A       100%        3
 Petrify                  Tmut/Erth      0%         N/A       100%        4
 Freezing Cloud           Conj/Ice/Air   0%         6-21      100%        5
 Metabolic Englaciation   Hex/Ice        0%         N/A       100%        5
 Summon Forest            Summ/Tloc      0%         N/A       100%        5
 Conjure Ball Lightning   Conj/Air       0%         3x3d6     100%        6
 Eringya's Noxious Bog    Tmut/Pois      0%         N/A       100%        6
 Statue Form              Tmut/Erth      0%         N/A       100%        6
 Orb of Destruction       Conj           0%         9d5       100%        7
 Spellforged Servitor     Conj/Summ      0%         N/A       100%        7
 Summon Hydra             Summ           0%         N/A       100%        7
 Discord                  Hex            0%         N/A       100%        8
 Disjunction              Tloc           0%         N/A       100%        8


Dungeon Overview and Level Annotations

Branches:
Dungeon (8/15)             Temple (1/1) D:6
   Lair: D:8-11

Altars:
Ashenzari
Cheibriados
Dithmenos
Fedhas
Gozag
Hepliaklqana
Kikubaaqudgha
Makhleb
Nemelex Xobeh
Qazlal
Ru
Sif Muna
Uskayaw
The Shining One

Shops:
D:1 (

Annotations:
D:3 2 transporters
D:4 Pikel
D:8 Erica


Innate Abilities, Weirdness & Mutations

You have a pair of horns on your head.
You reflexively headbutt those who attack you in melee.


Message History

The howler monkey barely misses you. x2
The howler monkey hoots and howls with incredible vigour!
You slice the howler monkey!!
You kill the howler monkey!
You closely miss the howler monkey.
The howler monkey hits you but does no damage. x2
Your Axes skill increases to level 15!
You barely miss the howler monkey.
The howler monkey is lightly wounded.
You closely miss the howler monkey. The howler monkey closely misses you.
You furiously retaliate!
You headbutt the howler monkey. The howler monkey hits you.
You slash the howler monkey!
The howler monkey is almost dead.
You slash the howler monkey!
The howler monkey hoots and howls with incredible vigour! x2
You hear an angry hiss.
You hit the howler monkey.
You kill the howler monkey!
You hit something.
You hear some strange, mumbled words.
Something tries to affect you, but you resist.
The howler monkey hoots and howls with incredible vigour!
You hear a roar!
You closely miss something.
You hear some strange, mumbled words.
A bolt of poison appears from out of thin air!
The bolt of poison hits you!
You are poisoned.
You barely miss something.
You feel very sick. Something hits you! Something burns you.
You feel better. Something hits you! Something burns you.
You feel very mighty all of a sudden. Something hits you!
* * * LOW HITPOINT WARNING * * *
Something burns you.
* * * LOW HITPOINT WARNING * * *
Something hits you!
You die...

#. ..##......._ .
#.###.#......... ..
##...............
..#....##....>.....
...#.#...........
#.#....#........ ##
###..............
##..##.##........###...#.
......h{@....###.##....#.
...$..h#†#..## #.........
......####.## ##..#..#...
...... #.# ##.[.###....
..... #.# #..#........
..... ... #..#....##..
.... ... ##..........
.... .#.###...........
..##.........#.##


You could see a black bear and a howler monkey.

Vanquished Creatures
  2 water moccasins
  A sky beast (D:6)
  3 black bears
  An ice beast (D:5)
  5 ogres
  A lemure (D:4)
  4 centaurs
  A kobold brigand (D:7)
  Blork the orc (D:4)
  A wyvern zombie (D:6)
  3 scorpions
  A bullfrog (D:7)
  A water moccasin skeleton (D:6)
  3 killer bees (D:7)
  2 howler monkeys (D:8)
  An electric eel (D:6)
  A bullfrog zombie (D:6)
  6 hounds
  3 orc priests
  A centaur skeleton (D:6)
  A bullfrog skeleton (D:4)
  2 iguanas
  An orc wizard (D:6)
  A scorpion zombie (D:5)
  A killer bee zombie (D:8)
  Robin (D:3)
  A howler monkey zombie (D:6)
  7 gnolls
  7 adders
  2 shadow imps (D:5)
  2 white imps
  4 worms
  20 orcs
  7 endoplasms
  2 giant cockroaches
  12 hobgoblins
  13 kobolds
  3 quokkas
  6 ball pythons
  3 bats
  4 frilled lizards
  12 goblins
  4 rats
158 creatures vanquished.

Vanquished Creatures (others)
  38 plants (D:6)
38 creatures vanquished.

Grand Total: 196 creatures vanquished

Notes
Turn   | Place    | Note
-------+----------+-------------------------------------------
     0 | D:1      | Woods the Minotaur Fighter began the quest for the Orb.
     0 | D:1      | Reached XP level 1. HP: 19/19 MP: 0/0
   229 | D:1      | Reached skill level 3 in Axes
   339 | D:1      | Reached XP level 2. HP: 24/26 MP: 1/1
   449 | D:1      | Found Umoxigua's Antique Weapon Shop.
   644 | D:1      | Found a faded altar of an unknown god.
  1005 | D:2      | Reached skill level 4 in Axes
  1131 | D:2      | Reached XP level 3. HP: 19/31 MP: 2/2
  2048 | D:3      | Reached skill level 5 in Axes
  2048 | D:3      | Reached XP level 4. HP: 8/39 MP: 3/3
  2386 | D:3      | Found a shimmering blue altar of Sif Muna.
  2784 | D:3      | You fall into a shaft and drop 2 floors!
  2784 | D:5      | Entered Level 5 of the Dungeon
  2877 | D:5      | Reached skill level 6 in Axes
  2877 | D:5      | Reached XP level 5. HP: 31/45 MP: 4/4
  3109 | D:5      | Noticed an ogre
  3131 | D:4      | Noticed a black bear
  3239 | D:3      | Found a transporter.
  3310 | D:3      | Found a transporter.
  3974 | D:4      | Reached skill level 1 in Dodging
  4032 | D:4      | Reached skill level 7 in Axes
  4173 | D:4      | Noticed Robin
  4190 | D:3      | Killed Robin
  4484 | D:4      | Noticed an ogre
  4488 | D:4      | Killed an ogre
  4489 | D:4      | Reached XP level 6. HP: 51/51 MP: 5/5
  4491 | D:4      | Noticed Pikel
  4643 | D:4      | Reached skill level 8 in Axes
  4643 | D:4      | Reached skill level 1 in Stealth
  5268 | D:4      | Reached XP level 7. HP: 30/57 MP: 6/6
  5533 | D:4      | Reached skill level 9 in Axes
  5578 | D:4      | Noticed Blork the orc
  5587 | D:4      | Killed Blork the orc
  6197 | D:5      | Reached skill level 10 in Axes
  6608 | D:5      | Reached XP level 8. HP: 57/64 MP: 7/7
  6670 | D:5      | Found a snail-covered altar of Cheibriados.
  6849 | D:5      | Reached skill level 11 in Axes
  7302 | D:6      | Reached skill level 12 in Axes
  7495 | D:6      | Reached skill level 13 in Axes
  7971 | D:6      | Found a staircase to the Ecumenical Temple.
  8099 | D:7      | Reached XP level 9. HP: 69/70 MP: 8/8
  8384 | D:7      | Reached skill level 14 in Axes
  9325 | Temple   | Entered the Ecumenical Temple
  9837 | D:8      | Found a sparkling altar of Nemelex Xobeh.
  9872 | D:8      | Found a glowing golden altar of the Shining One.
  9958 | D:8      | Noticed Erica
  9963 | D:8      | Reached skill level 15 in Axes
  9969 | D:8      | Slain by Erica

Illustrated notes

Levels and vault maps discovered:
D:1:      lordsloth_arrival_two_stooges, layout_basic, serial_shops,
          shop_fountains, chequers_ecumenical_altar_simple
D:2:      minmay_chambers_of_ones, layout_loops_cross
D:3:      gammafunk_steamed_eel, layout_basic, marbit_many_paths
D:4:      layout_gridville, uniq_robin, uniq_blork_the_orc, uniq_pikel
D:5:      layout_basic, lemuel_coloured_pillars_altar, solitary_fountain
D:6:      layout_rooms, minmay_temple_entry_from_below_a, serial_bayou,
          serial_bayou_pond_a, serial_bayou_pond_b, serial_bayou_shore_a,
          serial_bayou_lake_a
D:7:      layout_basic
D:8:      layout_cave_pools, nicolae_vehumet_altar_sigil,
          mainiacjoe_overflow_catch_the_wave, st_stairs_7, uniq_erica
Temple:   zaba_magenta_temple

Skill      XL: |  1  2  3  4  5  6  7  8  9 |
---------------+----------------------------+-----
Axes           | 3 4 5 6 7 8 10 13 15 | 15.0
Dodging        | 1 2 |  2.7
Stealth        | 1 |  1.5
Fighting       | |  3.6
Armour         | |  3.6
Shields        | |  3.6

Action                   |  1- 3 |  4- 6 |  7- 9 || total
-------------------------+-------+-------+-------++-------
Melee: War axe           |    65 |   100 |   246 ||   411
       Headbutt          |     6 |    14 |    39 ||    59
  Use: Scroll            |       |     5 |       ||     5
       Potion            |       |     1 |     3 ||     4
Armor: Scale mail        |    22 |    36 |    42 ||   100
       Chain mail        |       |       |    28 ||    28
Dodge: Dodged            |    33 |    44 |    85 ||   162
Block: Buckler           |    10 |    19 |    58 ||    87
